 Dungeon Crawl Stone Soup version 0.32-a0-918-g0f22ef8d61 (webtiles) character file.

Game seed: 9717579084073309459

9333 Ajdolov the Thaumaturge (level 11, -2/68 HPs)
             Began as a Mummy Ice Elementalist on Apr 10, 2024.
             Was an Initiate of Gozag.
             Slain by a two-headed ogre simulacrum (4 damage)
             ... in an ice cave.
             The game lasted 00:26:06 (10819 turns).

Ajdolov the Thaumaturge (Mummy Ice Elementalist)   Turns: 10819, Time: 00:26:06

Health: -2/68      AC: 20    Str: 12    XL:     11   Next: 21%
Magic:  24/27      EV: 11    Int: 18    God:    Gozag
Gold:   1384       SH:  0    Dex: 15    Spells: 15/34 levels left

rFire   x x .        e - +2 club (spect)
rCold   + + .        (no shield)
rNeg    + + +        o - +2 robe "Wuqaf" {rPois Dex+2}
rPois   ∞            n - +0 helmet
rElec   .            m - +0 cloak
rCorr   .            (no gloves)
SInv    .            (no boots)
Will    +....        v - amulet of the acrobat
Stlth   ++           w - ring of ice
HPRegen 0.31/turn    g - +4 ring of protection
MPRegen 0.20/turn

%: acrobat, faith
@: ice-armoured
A: cold resistance 1, negative energy resistance 3, torment resistance 2, heat
vulnerability 1, in touch with death 1, no potions, faith
a: Renounce Religion, Potion Petition, Call Merchant, Bribe Branch


You were in an ice cave.
You worshipped Gozag.
Gozag was most pleased with you.
You visited 2 branches of the dungeon, and saw 12 of its levels.
You also visited: Ice Cave.

You collected 1575 gold pieces.
You spent 77 gold pieces at shops.
You paid 114 gold pieces to Gozag.

Inventory:

Hand Weapons
 a - a +3 flail
 e - a +2 spectral club (weapon)
 j - a +0 spear
 u - the +2 quarterstaff of Watchfulness {freeze, *Corrode Str+4 Int+3}
   (You found it on level 7 of the Dungeon)

   Str+4:     It affects your strength (+4).
   Int+3:     It affects your intelligence (+3).
   *Corrode:  It may corrode you when you take damage.
Armour
 m - a +0 cloak (worn)
 n - a +0 helmet (worn)
 o - the +2 robe "Wuqaf" (worn) {rPois Dex+2}
   (You found it on level 3 of the Dungeon)

   Dex+2:     It affects your dexterity (+2).
   rPois:     It protects you from poison.
Magical Staves
 p - a staff of air
Jewellery
 f - a +5 ring of evasion
 g - a +4 ring of protection (right hand)
 v - an amulet of the acrobat (around neck)
 w - a ring of ice (left hand)
 y - a ring of willpower
Wands
 s - a wand of digging (6)
 z - a wand of iceblast (4)
Scrolls
 b - a scroll of poison {unknown}
 c - 2 scrolls of immolation
 d - 5 scrolls of teleportation
 h - 2 scrolls of enchant armour
 i - 2 scrolls of blinking
 k - 3 scrolls of vulnerability
 l - 2 scrolls of amnesia
 q - 2 scrolls of fog
 r - 2 scrolls of revelation
 t - a scroll of enchant weapon {unknown}
 x - a scroll of noise
 A - a scroll of fear {unknown}


   Skills:
 - Level 1.5 Dodging
 - Level 1.5 Stealth
 - Level 12.0 Spellcasting
 + Level 11.4 Ice Magic
 + Level 4.1 Earth Magic
 + Level 3.6 Evocations


You had 15 spell levels left.
You knew the following spells:

 Your Spells              Type           Power      Damage    Failure   Level
a - Freeze                Ice            100%       1d10      1%          1
b - Frozen Ramparts       Ice            100%       1d16      1%          3
c - Ozocubu's Armour      Ice            67%        N/A       1%          3
d - Summon Ice Beast      Ice/Summ       47%        N/A       1%          3
e - Hailstorm             Conj/Ice       47%        3d10      1%          3
f - Permafrost Eruption   Ice/Erth       27%        2x4d7     38%         6

Your spell library contained the following spells:

 Spells                   Type           Power      Damage    Failure   Level
 Kiss of Death            Conj/Necr      64%        2d10      6%          1
 Necrotise                Necr           64%        1d7       6%          1
 Sculpt Simulacrum        Ice/Alch       23%        N/A       67%         6


Dungeon Overview and Level Annotations

Branches:
Dungeon (11/15)            Temple (1/1) D:7           IceCv (1/1)
   Lair: D:8-11         Orc: D:9-12

Altars:
Ashenzari
Cheibriados
Dithmenos
Fedhas
Gozag
Hepliaklqana
Kikubaaqudgha
Makhleb
Nemelex Xobeh
Okawaru
Qazlal
Ru
Sif Muna
Trog
Uskayaw
Vehumet
Wu Jian
Xom
Yredelemnul

Shops:
D:4 ?

Annotations:
D:6 Jeremiah
D:8 Erica, Gastronok
D:10 Harold, Urug


Innate Abilities, Weirdness & Mutations

You are immune to poison.
Your flesh is cold resistant. (rC+)
You are immune to negative energy. (rN+++)
You are immune to unholy pain and torment.
You are vulnerable to heat. (rF-)
You are in touch with the powers of death.
You do not drink.
You have a special connection with the divine. (Faith)


Message History

You hit the two-headed ogre simulacrum.
The two-headed ogre simulacrum is moderately damaged.
Your +2 spectral club hits the two-headed ogre simulacrum.
You hit the two-headed ogre simulacrum.
The two-headed ogre simulacrum is heavily damaged.
Your +2 spectral club hits the two-headed ogre simulacrum.
The two-headed ogre simulacrum hits you!
The two-headed ogre simulacrum freezes you!
You resist.
The two-headed ogre simulacrum hits you.
* * * LOW HITPOINT WARNING * * *
The two-headed ogre simulacrum freezes you!
You resist.
* * * LOW HITPOINT WARNING * * *
You hit the two-headed ogre simulacrum but do no damage.
The two-headed ogre simulacrum is severely damaged.
Your +2 spectral club hits the two-headed ogre simulacrum.
The two-headed ogre simulacrum hits your +2 spectral club.
Your spectral weapon shares its damage with you!
The two-headed ogre simulacrum freezes your +2 spectral club!
Your +2 spectral club resists.
Your spectral weapon shares its damage with you!
* * * LOW HITPOINT WARNING * * *
The two-headed ogre simulacrum hits your +2 spectral club.
Your spectral weapon shares its damage with you!
The two-headed ogre simulacrum freezes your +2 spectral club.
Your +2 spectral club resists.
Your spectral weapon shares its damage with you!
* * * LOW HITPOINT WARNING * * *
You hit the two-headed ogre simulacrum.
The two-headed ogre simulacrum is almost destroyed.
Your +2 spectral club hits the two-headed ogre simulacrum but does no damage.
Unknown command.
You completely miss the two-headed ogre simulacrum.
The two-headed ogre simulacrum is almost destroyed.
Your +2 spectral club barely misses the two-headed ogre simulacrum.
The two-headed ogre simulacrum hits you but does no damage.
The two-headed ogre simulacrum hits you.
You die...
Your body crumbles into a pile of gold.

### ### ###.## ##.##
#@...#### #....
#○☼Z(##....######.∩..
..○..§#######.....#....∩
.§##○. ####....##.. ##
#########


You could see a two-headed ogre simulacrum (ally target) and a friendly +2
spectral club.

Vanquished Creatures
  2 trolls
  Grinder (D:3)
  A shadow (D:11)
  18 yaks
  A wyvern (D:9)
  Grum (D:8)
  Eustachio (D:4)
  An acid dragon (D:9)
  4 orc warriors (D:9)
  An ice beast (D:5)
  A sky beast (D:6)
  A black bear (D:4)
  2 wolves (D:8)
  2 centaurs (D:9)
  A phantom (D:5)
  A kobold brigand (D:8)
  3 bullfrogs
  A two-headed ogre simulacrum (D:11)
  4 scorpions
  A wight (D:6)
  6 killer bees (D:9)
  3 howler monkeys (D:7)
  2 bombardier beetles
  3 hounds
  5 orc priests
  2 jellies
  Jessica (D:2)
  4 iguanas
  2 orc wizards
  2 troll simulacra
  2 spriggan simulacra
  2 gnolls
  4 adders
  2 white imps
  4 dart slugs
  32 orcs
  9 ball pythons
  3 endoplasms
  3 giant cockroaches (D:1)
  10 goblins
  7 hobgoblins
  4 jackals (D:2)
  7 kobolds
  5 quokkas
  2 bats
  5 frilled lizards
  7 rats
186 creatures vanquished.

Vanquished Creatures (collateral kills)
  A two-headed ogre (D:10)
  A kobold demonologist (D:11)
  5 yaks
  A steam dragon (D:9)
  2 wolves (D:8)
  2 centaurs
  An ogre (D:5)
  2 phantoms
  A two-headed ogre simulacrum (D:11)
  2 wights (D:6)
  A bombardier beetle (D:4)
  A jelly (D:5)
  An orc priest (D:7)
  A spriggan simulacrum (D:11)
  An adder (D:6)
  5 gnolls
  A dart slug (D:5)
  6 orcs
  A kobold (D:8)
36 creatures vanquished.

Vanquished Creatures (others)
  A sky beast (D:8)
  A gnoll (D:5)
  A spectral weapon (IceCv)
3 creatures vanquished.

Grand Total: 225 creatures vanquished

Notes
Turn   | Place    | Note
-------+----------+-------------------------------------------
     0 | D:1      | Ajdolov the Mummy Ice Elementalist began the quest for the
                  | Orb.
     0 | D:1      | Reached XP level 1. HP: 13/13 MP: 4/4
    67 | D:1      | Reached skill level 3 in Spellcasting
   213 | D:1      | Reached XP level 2. HP: 15/19 MP: 3/6
   921 | D:2      | Reached XP level 3. HP: 24/24 MP: 6/8
  1046 | D:2      | Learned a level 3 spell: Frozen Ramparts
  1050 | D:2      | Learned a level 3 spell: Ozocubu's Armour
  1164 | D:2      | Noticed Jessica
  1171 | D:2      | Killed Jessica
  1172 | D:2      | Reached skill level 4 in Spellcasting
  1172 | D:2      | Reached XP level 4. HP: 28/30 MP: 3/10
  1232 | D:2      | Got Jessica's Incunabulum of Mortality
  1250 | D:2      | Learned a level 3 spell: Summon Ice Beast
  1747 | D:3      | Reached XP level 5. HP: 35/35 MP: 4/12
  1810 | D:3      | Reached skill level 5 in Spellcasting
  1816 | D:3      | Noticed Grinder
  1917 | D:3      | Paralysed by Grinder for 4 turns
  1934 | D:3      | Paralysed by Grinder for 3 turns
  1957 | D:3      | Paralysed by Grinder for 3 turns
  1968 | D:3      | Paralysed by Grinder for 3 turns
  1975 | D:3      | Killed Grinder
  1976 | D:3      | Reached skill level 6 in Spellcasting
  1976 | D:3      | Reached skill level 5 in Ice Magic
  1976 | D:3      | Reached XP level 6. HP: 36/41 MP: 3/15
  2493 | D:3      | Identified the +2 robe "Wuqaf" {rPois Dex+2}
  2815 | D:3      | Found a broken altar of Ashenzari.
  3212 | D:4      | Reached XP level 7. HP: 46/46 MP: 10/17
  3414 | D:4      | Reached skill level 7 in Spellcasting
  3608 | D:4      | Noticed Eustachio
  3726 | D:4      | Found Pysuax's Magic Scroll Shoppe.
  3835 | D:4      | Killed Eustachio
  3902 | D:4      | Bought a scroll of teleportation for 33 gold pieces
  3902 | D:4      | Bought a scroll of fog for 44 gold pieces
  3991 | D:5      | Entered Level 5 of the Dungeon
  4054 | D:5      | Reached skill level 8 in Spellcasting
  4234 | D:5      | Reached XP level 8. HP: 51/52 MP: 16/20
  4534 | D:5      | Reached skill level 9 in Spellcasting
  4564 | D:5      | Found an iron altar of Okawaru.
  5025 | D:6      | Found a shadowy altar of Dithmenos.
  5025 | D:6      | Found a burning altar of Makhleb.
  5124 | D:6      | Noticed Jeremiah
  5155 | D:6      | Found a shimmering altar of Xom.
  5586 | D:6      | Reached skill level 10 in Spellcasting
  5686 | D:6      | Found a radiant altar of Vehumet.
  5944 | D:6      | Reached XP level 9. HP: 57/57 MP: 17/23
  5948 | D:6      | Learned a level 3 spell: Hailstorm
  5955 | D:6      | Learned a level 6 spell: Permafrost Eruption
  6144 | D:7      | Identified the +2 quarterstaff of Watchfulness {freeze,
                  | *Corrode Str+4 Int+3}
  6202 | D:7      | Found a staircase to the Ecumenical Temple.
  6209 | Temple   | Entered the Ecumenical Temple
  6226 | Temple   | Became a worshipper of Gozag Ym Sagoz the Greedy
  6361 | D:7      | Found a bloodstained altar of Trog.
  6531 | D:7      | Found a hide-covered altar of Uskayaw.
  7026 | D:8      | Noticed Gastronok
  7133 | D:8      | Noticed Erica
  7177 | D:8      | Noticed Grum
  7190 | D:8      | Reached skill level 11 in Spellcasting
  7216 | D:8      | Killed Grum
  7445 | D:8      | Found a shimmering blue altar of Sif Muna.
  7729 | D:9      | Reached skill level 12 in Spellcasting
  7798 | D:9      | Reached XP level 10. HP: 60/63 MP: 13/26
  7807 | D:9      | Reached skill level 10 in Ice Magic
  8676 | D:9      | Reached skill level 1 in Earth Magic
  8957 | D:9      | Reached skill level 1 in Evocations
  9183 | D:10     | Entered Level 10 of the Dungeon
  9227 | D:10     | Noticed a two-headed ogre
  9243 | D:10     | Killed a two-headed ogre
  9500 | D:10     | Reached XP level 11. HP: 68/68 MP: 16/27
  9613 | D:10     | Noticed Urug
  9967 | D:10     | Noticed Harold
 10486 | D:11     | Noticed a boulder beetle
 10572 | D:11     | Found a frozen archway.
 10713 | IceCv    | Entered an ice cave
 10817 | IceCv    | HP: 1/68 [two-headed ogre simulacrum (4)]
 10819 | IceCv    | Slain by a two-headed ogre simulacrum

Illustrated notes

Levels and vault maps discovered:
D:1:      moated_graveyard_arrival, layout_loops_ring
D:2:      minmay_wonky_spiral, layout_rooms, kennysheep_jessica_study
D:3:      layout_basic, mainiacjoe_overflow_tiny_flanked, uniq_grinder
D:4:      layout_loops_cross, serial_shops, shop_statue, uniq_eustachio
D:5:      layout_loops_cross, okawaru_metal_pillars_1_2
D:6:      layout_basic, mainiacjoe_overflow_catwalk,
          mainiacjoe_overflow_concentric_impassable,
          nicolae_overflow_hidden_temple, uniq_jeremiah
D:7:      layout_basic, nicolae_uskayaw_murder_on_the_dancefloor,
          old_standard_altar, minmay_temple_entry_ruins
D:8:      layout_cave_pools, lemuel_blue_sif_altar, lair_entry_dummy,
          minmay_misc_feat_doors, uniq_erica, uniq_gastronok, uniq_grum
D:9:      layout_long_grid, special_room [special_room_orc]
D:10:     layout_long_grid, uniq_harold, uniq_urug
D:11:     layout_gridville, portal_ice_cave_entry_ice_simulacra
Temple:   nicolae_temple_ecumenical_triangle
IceCv:    ice_cave_caverns_01

Skill      XL: |  1  2  3  4  5  6  7  8  9 10 11 |
---------------+----------------------------------+-----
Spellcasting   | 3 4 6 8 10 12 | 12.0
Ice Magic      | 4 5 6 7 9 11 | 11.4
Earth Magic    | 3 4 |  4.1
Evocations     | 2 3 |  3.6
Dodging        | |  1.5
Stealth        | |  1.5

Action                     |  1- 3 |  4- 6 |  7- 9 | 10-12 || total
---------------------------+-------+-------+-------+-------++-------
  Melee: Unarmed           |     2 |       |       |       ||     2
         Spear             |     2 |       |       |       ||     2
         Club              |       |    69 |   163 |   101 ||   333
   Cast: Freeze            |    54 |    37 |     1 |       ||    92
         Frozen Ramparts   |       |     9 |    32 |    22 ||    63
         Ozocubu's Armour  |       |     5 |    22 |    17 ||    44
         Summon Ice Beast  |       |     1 |    32 |    28 ||    61
         Hailstorm         |       |       |       |    11 ||    11
    Use: Scroll            |       |       |     6 |     1 ||     7
   Stab: Distracted        |       |       |     5 |     2 ||     7
         Sleeping          |       |       |     1 |       ||     1
 Armour: Robe              |    24 |    47 |   110 |    63 ||   244
  Dodge: Dodged            |    21 |    65 |   174 |   120 ||   380

Table legend: (Time is in decaauts)
 A = Elapsed time spent in this place.
 B = Non-inter-level travel time spent in this place.
 C = Inter-level travel time spent in this place.
 D = Time resting spent in this place.
 E = Time spent auto-exploring this place.
 F = Levels seen in this place.
 G = Mean time per level.
                   A        B        C        D        E       F      G
               +--------+--------+--------+--------+--------+-----+--------+
         Total |  10930 |  10463 |    467 |    612 |   7523 |  13 |  840.8 |
       Dungeon |  10786 |  10335 |    451 |    612 |   7450 |  11 |  980.5 |
        Temple |     34 |     18 |     16 |      0 |      0 |   1 |   34.0 |
      Ice Cave |    108 |    108 |      0 |      0 |     73 |   1 |  108.0 |
               +--------+--------+--------+--------+--------+-----+--------+

Top non-repeatable levels by time:
     D:9: 1708 daAuts
     D:3: 1232 daAuts
    D:10: 1200 daAuts
     D:6: 1152 daAuts
     D:7: 1078 daAuts
     D:5: 1021 daAuts
     D:4: 1011 daAuts
     D:1: 902 daAuts
     D:2: 869 daAuts
     D:8: 382 daAuts
    D:11: 226 daAuts
   IceCv: 108 daAuts
  Temple: 34 daAuts
